 Dungeon Crawl Stone Soup version 0.26-a0-52-gd53d4cd (webtiles) character file.

Game seed: 7754031496243763573

28 thirtiethelement the Shield-Bearer (level 3, -2/35 HPs)
             Began as a Gnoll Fighter on June 7, 2020.
             Slain by Sigmund
             ... wielding a +0 scythe
              (9 damage)
             ... on level 2 of the Dungeon.
             The game lasted 00:01:07 (800 turns).

thirtiethelement the Shield-Bearer (Gnoll Fighter)   Turns: 800, Time: 00:01:07

Health: -2/35      AC:  7    Str: 19    XL:     3   Next: 14%
Magic:  3/3        EV:  8    Int: 10    God:
Gold:   53         SH: 10    Dex: 14    Spells: 3/3 levels left

rFire    + . .     SeeInvis .   a - +0 war axe
rCold    . . .     Gourm    .   c - +0 kite shield
rNeg     . . .     Faith    .   b - +0 scale mail
rPois    .         Spirit   .   (no helmet)
rElec    .         Reflect  .   (no cloak)
rCorr    .         Harm     .   (no gloves)
MR       .....                  (no boots)
Stlth    ..........             (no amulet)
HPRegen  0.11/turn              i - ring of protection from fire
MPRegen  0.08/turn              (no ring)

@: no status effects
A: distributed training, fangs 1, strong nose
a: no special abilities


You were on level 2 of the Dungeon.
You were not hungry.

You visited 1 branch of the dungeon, and saw 2 of its levels.

You collected 53 gold pieces.

Inventory:

Hand Weapons
 a - a +0 war axe (weapon)
Armour
 b - a +0 scale mail (worn)
 c - a +0 kite shield (worn)
Jewellery
 h - an uncursed amulet of magic regeneration
 i - a ring of protection from fire (left hand)
Scrolls
 e - a scroll of blinking {unknown}
 k - a scroll of magic mapping {unknown}
Potions
 d - a potion of might
 g - a potion of curing {unknown}
 j - a potion of cancellation {unknown}
Comestibles
 f - a ration


   Skills:
 + Level 6.5 Fighting
 + Level 0.6 Short Blades
 + Level 0.6 Long Blades
 + Level 4.5 Axes
 + Level 0.6 Maces & Flails
 + Level 0.6 Polearms
 + Level 0.6 Staves
 + Level 0.6 Slings
 + Level 0.6 Bows
 + Level 0.6 Crossbows
 + Level 0.6 Throwing
 + Level 6.5 Armour
 + Level 0.6 Dodging
 + Level 0.6 Stealth
 + Level 6.5 Shields
 + Level 0.6 Unarmed Combat
 + Level 0.6 Spellcasting
 + Level 0.4 Conjurations
 + Level 0.4 Hexes
 + Level 0.4 Charms
 + Level 0.4 Summonings
 + Level 0.4 Necromancy
 + Level 0.4 Translocations
 + Level 0.4 Transmutations
 + Level 0.4 Fire Magic
 + Level 0.4 Ice Magic
 + Level 0.4 Air Magic
 + Level 0.4 Earth Magic
 + Level 0.4 Poison Magic
 + Level 0.8 Invocations
 + Level 0.6 Evocations


You had 3 spell levels left.
You didn't know any spells.
Your spell library was empty.

Dungeon Overview and Level Annotations

Branches:
Dungeon (2/15)

Altars:

Annotations:
D:2 Sigmund


Innate Abilities, Weirdness & Mutations

Your experience applies equally to all skills.
You have very sharp teeth.
Your uncanny sense of smell can sniff out nearby items.


Message History

The quokka twitches its whiskers.
You block the bat's attack.
The quokka twitches its whiskers.
The bat hits you but does no damage. You block the bat's attack.
The bat barely misses you.
You slash the bat!
You kill the bat!
The quokka closely misses you.
You slash the quokka!
You kill the quokka!
A magic dart appears from out of thin air!
The magic dart hits you but does no damage.
Something hits you but does no damage.
You miss something. Something hits you.
You hit something. You hit something. Something hits you.
You miss something. Something hits you!
* * * LOW HITPOINT WARNING * * *
You closely miss something. Something hits you!
You die...

.....###### ..#..
..........## ....
....#####..##
##... . ##..# #..#
##. ##.###.# ....
∆ #.....###.....
###...........
#####..##....?...
##..@{.###........
#..##### #........
#<## #........ #.#
#......>$ #.#
#..%..... ..#
#........ ###
#########


There were no monsters in sight!

Vanquished Creatures
  2 dart slugs (D:1)
  A leopard gecko (D:1)
  A giant cockroach (D:1)
  2 goblins (D:1)
  4 hobgoblins (D:1)
  A quokka (D:2)
  3 bats
  3 frilled lizards (D:1)
  4 kobolds (D:1)
  3 rats (D:1)
24 creatures vanquished.

Notes
Turn   | Place    | Note
-------+----------+-------------------------------------------
     0 | D:1      | thirtiethelement the Gnoll Fighter began the quest for the
                  | Orb.
     0 | D:1      | Reached XP level 1. HP: 23/23 MP: 1/1
   138 | D:1      | Reached XP level 2. HP: 29/29 MP: 2/2
   525 | D:1      | Reached XP level 3. HP: 27/35 MP: 3/3
   780 | D:2      | Noticed Sigmund
   800 | D:2      | Slain by Sigmund

Illustrated notes

Levels and vault maps discovered:
D:1:      enne_arrival_octagon_isle, layout_loops_ring
D:2:      layout_rooms, okawaru_metal_pillars_1_2, first_ration, uniq_sigmund

Action                   || total
-------------------------++-------
Melee: War axe           ||    61
       Bite              ||     4
Armor: Scale mail        ||    22
Dodge: Dodged            ||    15
Block: Kite shield       ||    31

Table legend:
 A = Non-vault XP
 B = Vault XP
 C = Vault XP percentage of total XP
 D = Non-vault monster count
 E = Vault monster count
 F = Vault count percentage of total count
                 A         B        C        D         E       F
            +---------+---------+-------+---------+---------+-------
      Total |      41 |       0 |   0.0 |      24 |       0 |   0.0
            +---------+---------+-------+---------+---------+-------
        D:1 |      38 |       0 |   0.0 |      22 |       0 |   0.0
        D:2 |       3 |       0 |   0.0 |       2 |       0 |   0.0
            +---------+---------+-------+---------+---------+-------
